 Dungeon Crawl Stone Soup version 0.32-a0-768-g0f6f1dd4b9 (webtiles) character file.

Game seed: 16103363863345842304

195150 cforsyth the Severer (level 17, 0/161 HPs)
             Began as a Mountain Dwarf Cinder Acolyte on Mar 18, 2024.
             Was a High Priest of Ignis.
             Shot with an arrow by a satyr (10 damage)
             ... on level 2 of the Shoals on Mar 19, 2024.
             The game lasted 01:36:48 (45768 turns).

cforsyth the Severer (MDCA)                        Turns: 45768, Time: 01:36:51

Health: 0/161      AC: 33    Str: 29    XL:     17   Next: 70%
Magic:  27/27      EV:  5    Int: 18    God:    Ignis [*****.]
Gold:   1755       SH: 13    Dex:  5    Spells: 20/29 levels left

rFire   + . .        a - +7 broad axe of the Fox {speed, Str+5 Stlth+}
rCold   + . .        d - +2 kite shield {reflect}
rNeg    . . .        s - +0 crystal plate armour
rPois   +            e - +1 hat of Tocangem {rElec rC+ Regen+ Str+2}
rElec   +            c - +0 cloak
rCorr   +            V - +2 pair of gloves
SInv    .            m - +1 pair of boots
Will    +....        g - amulet of regeneration Stlth
                     P - ring of poison resistance
HPRegen 2.06/turn    R - ring of resist corrosion
MPRegen 0.20/turn

%: reflection
@: hasted, invisible, very quick
A: runic magic, artefact enchanting
}: 1/15 runes: serpentine
a: Renounce Religion, Fiery Armour, Foxfire Swarm, Rising Flame


You were on level 2 of the Shoals.
You worshipped Ignis.
Ignis was extremely pleased with you.
You visited 5 branches of the dungeon, and saw 28 of its levels.
You visited the Abyss 1 time.
You also visited: Ice Cave.

You collected 3047 gold pieces.
You spent 1292 gold pieces at shops.


Innate Abilities, Weirdness & Mutations

Your spellcasting is much less encumbered by armour.
You can use scrolls of enchantment on lesser artefacts.


   Skills:
 + Level 17.1 Fighting
 - Level 18.0 Axes
 + Level 16.8 Armour
 + Level 14.5 Shields
 - Level 6.9 Spellcasting
 + Level 15.4 Fire Magic


You had 20 spell levels left.
You knew the following spells:

 Your Spells              Type           Power      Damage    Failure   Level
f - Inner Flame           Hex/Fire       34%        N/A       3%          3
X - Scorch                Fire           100%       2d9       1%          2
Y - Summon Blazeheart Go  Fire/Summ      34%        N/A       12%         4

Your spell library contained the following spells:

 Spells                   Type           Power      Damage    Failure   Level
 Foxfire                  Conj/Fire      100%       2x1d9     1%          1
 Kiss of Death            Conj/Necr      24%        2d7       30%         1
 Sandblast                Erth           12%        2d6       30%         1
 Shock                    Conj/Air       24%        1d4       30%         1
 Mercury Vapours          Alch/Air       12%        N/A       41%         2
 Sublimation of Blood     Necr           6%         N/A       41%         2
 Confusing Touch          Hex            6%         N/A       65%         3
 Frozen Ramparts          Ice            12%        1d2       65%         3
 Mephitic Cloud           Conj/Alch/Air  6%         N/A       65%         3
 Ozocubu's Armour         Ice            6%         N/A       65%         3
 Stone Arrow              Conj/Erth      12%        3d7       65%         3
 Summon Ice Beast         Ice/Summ       6%         N/A       65%         3
 Plasma Beam              Fire/Air       17%        2x1d28    88%         6
 Starburst                Conj/Fire      17%        6d6       88%         6
 Animate Armour           Summ/Erth      12%        N/A       96%         4
 Animate Dead             Necr           6%         N/A       96%         4
 Brom's Barrelling Bould  Conj/Erth      6%         2d3       96%         4
 Dispel Undead            Necr           6%         3d8       96%         4
 Petrify                  Alch/Erth      6%         N/A       96%         4
 Vhi's Electric Charge    Tloc/Air       12%        N/A       96%         4
 Ignition                 Fire           29%        3d9       98%         8
 Arcjolt                  Conj/Air       3%         1d13      100%        5
 Borgnjor's Vile Clutch   Necr/Erth      3%         N/A       100%        5
 Freezing Cloud           Conj/Ice/Air   3%         6-21      100%        5
 Irradiate                Conj/Alch      3%         3d12      100%        5
 Metabolic Englaciation   Hex/Ice        3%         N/A       100%        5
 Summon Mana Viper        Hex/Summ       6%         N/A       100%        5
 Death Channel            Necr           3%         N/A       100%        6
 Monstrous Menagerie      Summ           3%         N/A       100%        7
 Maxwell's Capacitive Co  Air            3%         ∞         100%        8
 Chain Lightning          Conj/Air       3%         3d4       100%        9
 Fire Storm               Conj/Fire      17%        8d4       100%        9
 Shatter                  Erth           3%         3d7*      100%        9

Inventory:

Hand Weapons
 a - the +7 broad axe of the Fox (weapon) {speed, Str+5 Stlth+}
   (You acquired it on level 9 of the Dungeon)

   Str+5:     It affects your strength (+5).
   Stlth+:    It makes you more stealthy.
 b - a +0 hand axe of flaming
 W - a +2 broad axe of freezing
Armour
 c - a +0 cloak (worn)
 d - a +2 kite shield of reflection (worn)
 e - the +1 hat of Tocangem (worn) {rElec rC+ Regen+ Str+2}
   (You acquired it on level 8 of the Dungeon)

   Str+2:     It affects your strength (+2).
   rC+:       It protects you from cold.
   rElec:     It insulates you from electricity.
   Regen+:    It increases your rate of health regeneration.
 m - a +1 pair of boots (worn)
 s - a +0 crystal plate armour (worn)
 V - a +2 pair of gloves (worn)
Jewellery
 f - a ring of fire
 g - an amulet of regeneration (around neck)
 h - an amulet of reflection
 v - a ring of see invisible
 x - the amulet of Urhijid {RegenMP+ Str+3 Dex+2 Stlth+}
   (You found it on level 13 of the Dungeon)

   [amulet of magic regeneration]

   It increases your rate of magic regeneration.
   Str+3:     It affects your strength (+3).
   Dex+2:     It affects your dexterity (+2).
   Stlth+:    It makes you more stealthy.
   RegenMP+:  It increases your rate of magic regeneration.
 C - a ring of ice
 F - a ring of protection from fire
 L - a ring of flight
 M - a ring of magical power
 P - a ring of poison resistance (left hand)
 R - a ring of resist corrosion (right hand)
 T - a +4 ring of protection
Wands
 l - a wand of flame (36)
 p - a wand of iceblast (32)
 u - a wand of quicksilver (12)
 y - a wand of digging (16)
 G - a wand of charming (18)
 O - a wand of mindburst (3)
Scrolls
 i - 5 scrolls of vulnerability
 n - 2 scrolls of enchant armour
 q - 3 scrolls of silence {!r}
 r - a scroll of torment
 z - 2 scrolls of revelation
 A - 2 scrolls of brand weapon
 E - 4 scrolls of immolation
 J - 4 scrolls of teleportation {@r2}
 Y - 3 scrolls of fog
Potions
 j - 2 potions of might
 k - a potion of brilliance
 o - 2 potions of attraction
 t - 6 potions of resistance
 B - 13 potions of ambrosia
 I - 2 potions of mutation
 K - 4 potions of haste {@q3}
 S - 4 potions of lignification
 U - 2 potions of enlightenment
 X - 2 potions of magic
Miscellaneous
 Q - a sack of spiders

Dungeon Overview and Level Annotations

Branches:
Dungeon (15/15)            Temple (0/1) D:6            Lair (5/5) D:10
 Shoals (2/4) Lair:3        Snake (4/4) Lair:3        Slime (0/5) Lair:5
    Orc (2/2) D:9             Elf (0/3) Orc:2        Vaults (0/5) D:14
 Depths (0/4) D:15          IceCv (visited)

Altars:
Elyvilon
Wu Jian
Xom
Yredelemnul
Zin
The Shining One
Beogh

Shops:
D:9 ?   D:10 *[   Orc:2 [*:*   Shoals:1 =   Snake:1 *!(:

Annotations:
Lair:3 1 runed translucent door, scarr's ghost, journeyman DrEE
Orc:1 2 runed translucent doors, Doorstop00's ghost, journeyman MiBe

~ ...~~m.......#
...~.........#
~~~~~~~..............#▒#~
~~~~~~~~......[.....~..~~
~~~~~~~~~...........~~~~~
~~~~~~~~##....§...§~~~~~~
~~~~~~~~###.....§§m§...~~
~~~~~~~~~#....§@§c§§#
~~~~~~~~§#...~§~§§§...~~~
~....~~~§.~~~~§.§§§..~~~c
.....~~~§§m~H~~.~§~~~~~~~
~....~~~m.§~Z~~.~~[~~~~~~
~~..~~~~~§§§~§..~~~~~..~~
..~~~~~§§§§§§..~~~~~~..t~
.~~~~~~§§§§§~§P~P~~~~~m~~
~~~~~~§~§§§§§~~P.~


You could see a satyr (unable to see you), a merfolk (unable to see you), a
manticore (unable to see you), 2 water nymphs and a manticore zombie (unable to
see you).


Message History

...and don't expect to remain undetected.
As you read the scroll of blinking, it crumbles to dust.
Unknown command.
Unknown command.
Unknown command.
Unknown command.
Unknown command.
Unknown command.
Unknown command.
The manticore flicks its tail.
The volley of spikes misses you.
Unknown command.
Unknown command.
Unknown command.
Unknown command.
The water nymph points at you and mumbles some strange words.
The water swirls and strikes you.
* * * LOW HITPOINT WARNING * * *
The manticore flicks its tail.
The volley of spikes skewers the water nymph!
Unknown command.
Unknown command.
Blink to where?
Press: ? - help, Dir - move target Splash!
As you read the scroll of blinking, it crumbles to dust.
You hear a shout!
The satyr shoots an arrow.
The arrow hits you!
You die...
Ignis goes out, and joins you in death.

Skill      XL: |  1  2  3  4  5  6  7  8  9 10 11 12 13 14 15 16 17 |
---------------+----------------------------------------------------+-----
Armour         | 1 2 3 4 5 6 8 9 11 12 13 14 16 | 16.8
Fire Magic     | 4 5 6 7 8 9 11 12 14 15 | 15.4
Axes           | 4 5 6 7 8 9 11 12 14 15 16 17 18 | 18.0
Fighting       | 4 5 6 7 9 10 11 13 14 15 16 17 | 17.1
Spellcasting   | 2 3 4 5 6 |  6.9
Shields        | 3 6 8 10 12 13 14 | 14.5

Action                     |  1- 3 |  4- 6 |  7- 9 | 10-12 | 13-15 | 16-18 || total
---------------------------+-------+-------+-------+-------+-------+-------++-------
  Melee: Hand axe          |   141 |    23 |    40 |    34 |    24 |       ||   262
         Broad axe         |       |       |       |   337 |  1299 |   925 ||  2561
   Cast: Scorch            |     1 |    73 |   211 |   392 |   124 |    50 ||   851
  Evoke: Wand              |       |       |       |     4 |    15 |     2 ||    21
    Use: Scroll            |       |     3 |       |    18 |    12 |    13 ||    46
         Potion            |       |       |       |     2 |     5 |    12 ||    19
   Stab: Distracted        |       |       |       |       |     1 |       ||     1
         Invisible         |       |       |       |       |       |     1 ||     1
 Armour: Robe              |    89 |    34 |       |       |       |       ||   123
         Ring mail         |       |    11 |     3 |       |       |       ||    14
         Plate armour      |       |       |    52 |   352 |   917 |       ||  1321
         Leather armour    |       |       |   172 |   430 |       |       ||   602
         Crystal plate arm |       |       |       |       |   428 |   853 ||  1281
  Dodge: Dodged            |    92 |    30 |    92 |   328 |   335 |   132 ||  1009
  Block: Kite shield       |       |       |       |       |   468 |   470 ||   938
         Reflection        |       |       |       |       |       |    69 ||    69

Levels and vault maps discovered:
D:1:      wheals_arrival_shading, layout_basic, hangedman_glass_teeth,
          minmay_pentomino_t2
D:2:      layout_loops_cross
D:3:      layout_loops_ring, uniq_natasha, uniq_crazy_yiuf_cottage
D:4:      layout_loops_corners, grunt_temple_overflow_order_and_chaos_1,
          ebering_ghost_sewer_f, uniq_blork_the_orc
D:5:      layout_cave_pods, uniq_prince_ribbit1
D:6:      minmay_flawed_box, layout_gridville, temple_statues,
          chequers_serial_rivers_micro_b, minmay_between, uniq_sigmund
D:7:      nicolae_cairo_tiling_very_big, layout_basic, dk_yredelemnul_ordeal,
          kennysheep_path_1
D:8:      layout_cave_pools, minmay_crossroads
D:9:      layout_big_octagon, lemuel_tele_altar, orc_0_dummy, serial_shops,
          nicolae_take_the_stairs
D:10:     layout_rooms, erik_lair_island, serial_shops, nicolae_stop_n_shop_2,
          nicolae_shop_overcharged_wands, uniq_harold
D:11:     layout_long_grid, elyvilon_altar_3
D:12:     layout_irregular_city, cheibrodos_lost_city_excavation
D:13:     layout_cave_pools, portal_ice_cave_rime
D:14:     dreamdust_isle_of_ice, layout_small_grid,
          hellmonk_vaults_order_and_chaos, palyth_stone_intersect, uniq_snorg,
          uniq_lodul, uniq_agnes
D:15:     grunt_enter_depths_magical_seal, layout_loops_corners,
          hangedman_decor_lopped
Lair:1:   layout_chaotic_city
Lair:2:   layout_roguey [special_room_bee], disabler_island
Lair:3:   layout_roguey, shoals_dummy_entry, nicolae_snake_entry_warm_welcome,
          ebering_ghost_funeral_grove
Lair:4:   layout_regular_city, basic_altar
Lair:5:   hangedman_lair_in_review, layout_regular_city,
          minmay_slime_entry_oklob_enclosed, kilobyte_rumbling_trees,
          infiniplex_staircase_pool_2
Shoals:1: layout_shoals, minmay_shop_enchanted_jewellery, uniq_nikola
Shoals:2: layout_shoals, nicolae_shoals_undead_eyrie
Snake:1:  layout_gridlike, evilmike_ambush [evilmike_ambush_outer_corners,
          evilmike_ambush_inner_pond], minmay_shoptagon, grunt_megastairs_5,
          uniq_donald, uniq_kirke, uniq_frances
Snake:2:  layout_chambers, grunt_megastairs_2
Snake:3:  layout_basic, nicolae_snake_snakes_in_the_grass, uniq_aizul
Snake:4:  grunt_snake_rune_pools, layout_cave_town, basic_altar,
          grunt_ministairs_2
Orc:1:    layout_caves, special_room [special_room_orc],
          ebering_ghost_disaster_area, basic_altar, nicolae_orc_crystal_geode,
          uniq_jorgrun, uniq_urug
Orc:2:    st_orc_rangers, layout_diamond_mine, nicolae_orc_minecarts

Notes
Turn   | Place    | Note
-------+----------+-------------------------------------------
     0 | D:1      | cforsyth the Mountain Dwarf Cinder Acolyte began the quest
                  | for the Orb.
     0 | D:1      | Reached XP level 1. HP: 19/19 MP: 2/2
    80 | D:1      | Reached XP level 2. HP: 21/26 MP: 3/3
   287 | D:1      | Reached skill level 1 in Armour
   425 | D:1      | Reached skill level 4 in Fire Magic
   425 | D:1      | Reached XP level 3. HP: 31/31 MP: 5/5
   428 | D:1      | Learned a level 2 spell: Scorch
   520 | D:1      | Reached skill level 4 in Axes
  1911 | D:2      | Reached XP level 4. HP: 30/40 MP: 3/6
  2485 | D:3      | Found a runed translucent door.
  2486 | D:3      | Noticed Crazy Yiuf
  2695 | D:3      | Noticed Natasha
  2699 | D:3      | Killed Natasha
  2700 | D:3      | Reached skill level 4 in Fighting
  2700 | D:3      | Reached skill level 2 in Armour
  3148 | D:3      | Identified the +0 robe of Gebluitu {-Cast rElec rPois
                  | Regen+}
  3169 | D:3      | Reached XP level 5. HP: 42/46 MP: 0/7
  3335 | D:3      | Noticed Natasha
  3341 | D:3      | Killed Natasha
  3342 | D:3      | Reached skill level 2 in Spellcasting
  3453 | D:3      | Noticed Natasha
  3456 | D:3      | Killed Natasha
  3583 | D:4      | Found a runed translucent door.
  3587 | D:4      | Noticed DeathSocks's ghost (novice DEHs)
  3974 | D:4      | Noticed Blork the orc
  4071 | D:4      | Killed Blork the orc
  4072 | D:4      | Reached XP level 6. HP: 53/53 MP: 6/9
  4251 | D:4      | Found a glowing silver altar of Zin.
  4251 | D:4      | Noticed an angel
  4254 | D:4      | Found a shimmering altar of Xom.
  4268 | D:4      | Reached skill level 5 in Axes
  4268 | D:4      | Reached skill level 5 in Fire Magic
  4447 | D:4      | Reached skill level 3 in Armour
  4729 | D:4      | Found a runed translucent door.
  4816 | D:4      | Killed an angel
  5404 | D:5      | Entered Level 5 of the Dungeon
  5404 | D:5      | Noticed a yak
  5404 | D:5      | Noticed a yak
  5404 | D:5      | Noticed a yak
  5423 | D:4      | Killed a yak
  5424 | D:4      | Reached skill level 5 in Fighting
  5424 | D:4      | Reached XP level 7. HP: 24/61 MP: 1/11
  5632 | D:5      | Reached skill level 3 in Spellcasting
  5867 | D:5      | Reached skill level 4 in Armour
  5945 | D:5      | Reached skill level 6 in Axes
  5945 | D:5      | Reached skill level 6 in Fire Magic
  6078 | D:5      | Reached XP level 8. HP: 62/69 MP: 2/13
  6502 | D:5      | Noticed Prince Ribbit
  6515 | D:5      | Killed Prince Ribbit
  6516 | D:5      | Reached skill level 6 in Fighting
  6907 | D:5      | Reached skill level 5 in Armour
  6972 | D:4      | Reached skill level 4 in Spellcasting
  7100 | D:6      | Reached skill level 7 in Axes
  7100 | D:6      | Reached skill level 7 in Fire Magic
  7153 | D:6      | Identified the +2 leather armour "Nasec" {rN+ Slay+3}
  7709 | D:6      | Reached XP level 9. HP: 74/78 MP: 8/15
  8122 | D:6      | Noticed Sigmund
  8562 | D:6      | Killed Sigmund
  8702 | D:6      | Reached skill level 7 in Fighting
  8702 | D:6      | Reached skill level 6 in Armour
  9023 | D:6      | Found a staircase to the Ecumenical Temple.
  9758 | D:7      | Reached skill level 8 in Axes
  9758 | D:7      | Reached skill level 8 in Fire Magic
  9931 | D:7      | Reached skill level 5 in Spellcasting
 10119 | D:7      | Found a runed translucent door.
 10129 | D:7      | Found a basalt altar of Yredelemnul.
 11307 | D:7      | Reached XP level 10. HP: 83/88 MP: 5/18
 11392 | D:8      | Reached skill level 7 in Armour
 11512 | D:8      | Reached skill level 8 in Fighting
 12617 | D:9      | Found a staircase to the Orcish Mines.
 12621 | D:9      | Found Jengocvi's Magic Scroll Boutique.
 12686 | D:8      | Reached skill level 9 in Fire Magic
 12802 | D:8      | Reached skill level 9 in Axes
 13163 | D:9      | Identified 2 scrolls of acquirement
 13163 | D:9      | Acquired the +5 broad axe of the Fox {speed, Str+5 Stlth+}
 13173 | D:9      | Noticed a two-headed ogre
 13389 | D:8      | Acquired the +1 hat of Tocangem {rElec rC+ Regen+ Str+2}
 13430 | D:8      | Killed a two-headed ogre
 13431 | D:8      | Reached skill level 6 in Spellcasting
 14112 | D:9      | Found an ornate altar of the Wu Jian Council.
 14165 | D:10     | Entered Level 10 of the Dungeon
 14358 | D:10     | Found Puylem's Overcharged Wands.
 14374 | D:10     | Reached skill level 8 in Armour
 14848 | D:10     | Reached skill level 9 in Fighting
 14948 | D:10     | Noticed Harold
 14967 | D:10     | Killed Harold
 14968 | D:10     | Reached XP level 11. HP: 97/97 MP: 15/20
 14978 | D:10     | Reached skill level 10 in Fire Magic
 15001 | D:10     | Reached skill level 10 in Axes
 15219 | D:10     | Found a staircase to the Lair.
 15324 | D:10     | Found Iqocw's Armour Shop.
 15431 | D:11     | Noticed a green ugly thing
 15448 | D:10     | Killed a green ugly thing
 15825 | D:11     | Found a white marble altar of Elyvilon.
 16037 | D:11     | Noticed a red ugly thing
 16335 | D:11     | Killed a red ugly thing
 16632 | D:11     | Reached skill level 9 in Armour
 17025 | D:9      | Bought a scroll of acquirement for 676 gold pieces
 17025 | D:9      | Acquired Sif Muna's Encyclopedia of Intense Flame
 17042 | D:11     | Learned a level 4 spell: Summon Blazeheart Golem
 17367 | D:12     | Noticed a deep elf pyromancer
 17370 | D:12     | Noticed a deep elf pyromancer
 17374 | D:12     | Noticed a deep elf pyromancer
 17442 | D:12     | Reached skill level 1 in Shields
 17456 | D:11     | Killed a deep elf pyromancer
 17562 | D:12     | HP: 2/99 [troll (8)]
 17683 | D:12     | Identified the +1 robe of Vitack {Fly Int+3 Stlth+}
 17818 | D:12     | Identified the +0 robe of the Fiend {rPois rN++}
 17921 | D:12     | Reached skill level 10 in Fighting
 17921 | D:12     | Reached skill level 2 in Shields
 18555 | D:12     | Noticed an occultist
 18555 | D:12     | Noticed an occultist
 18565 | D:12     | Killed an occultist
 18566 | D:12     | Reached skill level 11 in Axes
 18566 | D:12     | Reached skill level 11 in Fire Magic
 18566 | D:12     | You are cast into the Abyss!
 18566 | Abyss:2  | Cast into level 2 of the Abyss (an occultist)
 18699 | D:12     | You pass through the gate.
 18699 | D:12     | Escaped the Abyss
 18706 | D:12     | Killed an occultist
 18707 | D:12     | Reached skill level 3 in Shields
 18746 | D:12     | Got the Spellbook of Airborne Topography
 18933 | Lair:1   | Entered Level 1 of the Lair of Beasts
 18944 | Lair:1   | Reached XP level 12. HP: 93/107 MP: 14/22
 19233 | D:10     | Reached skill level 4 in Shields
 19241 | Lair:1   | Reached skill level 10 in Armour
 20162 | Lair:2   | Reached skill level 5 in Shields
 20169 | Lair:2   | Reached skill level 11 in Fighting
 20444 | Lair:2   | Noticed a boulder beetle
 20462 | Lair:2   | Reached skill level 12 in Axes
 20473 | Lair:2   | Killed a boulder beetle
 20474 | Lair:2   | Reached skill level 12 in Fire Magic
 21115 | Lair:2   | Reached skill level 6 in Shields
 21526 | Lair:3   | Reached skill level 11 in Armour
 21698 | Lair:3   | Found a runed translucent door.
 21699 | Lair:3   | Noticed scarr's ghost (journeyman DrEE)
 21702 | Lair:3   | Identified the +8 spear "Gyoppaily" {distort, Str-2 Dex+7
                  | Stlth+}
 21743 | Lair:3   | Found a staircase to the Snake Pit.
 21861 | Lair:3   | Found a staircase to the Shoals.
 21871 | Lair:3   | Reached XP level 13. HP: 111/116 MP: 23/23
 22674 | Lair:4   | Found a shimmering altar of Xom.
 23383 | Lair:5   | Entered Level 5 of the Lair of Beasts
 23526 | Lair:5   | Reached skill level 7 in Shields
 23529 | Lair:5   | Reached skill level 13 in Axes
 23572 | Lair:4   | Reached skill level 12 in Fighting
 24389 | Lair:5   | Reached skill level 12 in Armour
 24432 | Lair:5   | Reached skill level 8 in Shields
 24606 | Lair:5   | Found a staircase to the Slime Pits.
 26162 | Lair:5   | Reached skill level 14 in Axes
 26393 | Lair:5   | Reached skill level 13 in Fighting
 26393 | Lair:5   | Reached XP level 14. HP: 129/129 MP: 24/24
 26886 | D:3      | Killed Crazy Yiuf
 26969 | D:4      | Killed DeathSocks's ghost
 27561 | Orc:1    | Entered Level 1 of the Orcish Mines
 27624 | Orc:1    | Found a large runed translucent door.
 27624 | Orc:1    | Found a large runed translucent door.
 27628 | Orc:1    | Noticed Doorstop00's ghost (journeyman MiBe)
 27649 | Orc:1    | Noticed Jorgrun
 27726 | Orc:1    | Killed Jorgrun
 27727 | Orc:1    | Reached skill level 9 in Shields
 27768 | Orc:1    | Found a roughly hewn altar of Beogh.
 27785 | Orc:1    | Paralysed by an orc sorcerer for 3 turns
 28151 | Orc:2    | Entered Level 2 of the Orcish Mines
 28683 | Orc:1    | Noticed Urug
 28691 | Orc:1    | Killed Urug
 29046 | Orc:1    | Reached skill level 13 in Armour
 30159 | Orc:2    | Reached skill level 10 in Shields
 30242 | Orc:2    | Found a staircase to the Elven Halls.
 30316 | Orc:2    | Found Heha's General Store.
 30316 | Orc:2    | Found Juckus's Book Emporium.
 30318 | Orc:2    | Found Beemimet's General Store.
 30333 | Orc:2    | Found Hyefuvou's Antique Armour Shop.
 30340 | Orc:2    | Bought a scroll of noise for 13 gold pieces
 30340 | Orc:2    | Bought a scroll of identify for 26 gold pieces
 30340 | Orc:2    | Bought a scroll of fear for 52 gold pieces
 30340 | Orc:2    | Bought a scroll of identify for 26 gold pieces
 30351 | Orc:2    | Bought a scroll of teleportation for 39 gold pieces
 30355 | Orc:2    | Learned a level 3 spell: Inner Flame
 30638 | D:13     | Identified the amulet of Urhijid {RegenMP+ Str+3 Dex+2
                  | Stlth+}
 30730 | D:13     | Found a frozen archway.
 30736 | D:13     | Reached skill level 15 in Axes
 30753 | D:13     | Identified 2 potions of resistance
 30767 | IceCv    | Entered an ice cave
 30837 | IceCv    | Found a transporter.
 30852 | IceCv    | Found a transporter.
 31212 | D:13     | Identified the +1 dagger "Duxt" {vamp, Fly rF- rC++ Dex+2}
 32083 | D:13     | Reached skill level 14 in Fighting
 32415 | D:14     | Noticed Snorg
 32430 | D:14     | Killed Snorg
 32771 | D:14     | Found a gate to the Vaults.
 32771 | D:14     | Noticed an ironbound preserver
 32863 | D:14     | Killed an ironbound preserver
 32970 | D:14     | Noticed Agnes
 32986 | D:14     | Killed Agnes
 33039 | D:14     | Identified a +0 crystal plate armour
 33143 | D:14     | Noticed Lodul
 33584 | D:14     | Reached XP level 15. HP: 107/138 MP: 23/25
 34152 | D:14     | Killed Lodul
 34326 | D:14     | Reached skill level 11 in Shields
 34440 | D:14     | Reached skill level 14 in Armour
 34440 | D:14     | Reached skill level 13 in Fire Magic
 34956 | D:15     | Entered Level 15 of the Dungeon
 35324 | D:15     | Found a staircase to the Depths.
 35627 | D:15     | Reached skill level 16 in Axes
 36278 | Snake:1  | Entered Level 1 of the Snake Pit
 36696 | Snake:1  | Reached skill level 15 in Fighting
 36752 | Snake:1  | Noticed Kirke
 36889 | Snake:1  | Killed Kirke
 37056 | Snake:1  | Noticed Frances
 37401 | Snake:1  | Reached skill level 12 in Shields
 37520 | Snake:1  | Reached skill level 14 in Fire Magic
 37576 | Snake:1  | Found Zywar's Book Emporium.
 37576 | Snake:1  | Found Vecly's General Store.
 37592 | Snake:1  | Reached XP level 16. HP: 149/149 MP: 26/26
 37631 | Snake:1  | Found Veff's Weapon Emporium.
 37635 | Snake:1  | Found Miny's Distillery.
 37671 | Snake:1  | Bought a potion of heal wounds for 80 gold pieces
 37674 | Snake:1  | Bought 2 potions of haste for 380 gold pieces
 37836 | Snake:1  | Killed Frances
 38009 | Snake:1  | Identified a +0 crystal plate armour
 38009 | Snake:1  | Noticed Donald
 38041 | Snake:1  | Killed Donald
 38282 | Snake:2  | Reached skill level 15 in Armour
 39158 | Snake:2  | Reached skill level 17 in Axes
 40138 | Snake:3  | Identified the serpent talisman of Dodouts {*Corrode Dex+3
                  | SInv}
 40138 | Snake:3  | Noticed Aizul
 40264 | Snake:3  | Reached skill level 13 in Shields
 40311 | Snake:3  | Reached skill level 16 in Fighting
 40373 | Snake:3  | Killed Aizul
 40986 | Snake:3  | Identified the +6 flail of Ciowk {venom, rElec rC+ rN+
                  | Int+3}
 41445 | Snake:4  | Entered Level 4 of the Snake Pit
 41791 | Snake:4  | Found a glowing golden altar of the Shining One.
 41970 | Snake:4  | Reached skill level 16 in Armour
 41987 | Snake:4  | Reached XP level 17. HP: 116/159 MP: 27/27
 42883 | Snake:4  | Identified a +2 kite shield of resistance
 43446 | Snake:4  | Reached skill level 18 in Axes
 43767 | Snake:4  | Reached skill level 14 in Shields
 44097 | Snake:4  | Reached skill level 15 in Fire Magic
 44121 | Snake:4  | Got a serpentine rune of Zot
 44339 | Shoals:1 | Entered Level 1 of the Shoals
 44628 | Shoals:1 | Noticed Nikola
 44645 | Shoals:1 | Reached skill level 17 in Fighting
 44954 | Lair:3   | Killed Nikola
 45142 | Shoals:1 | Found Cotsuss's Jewellery Shop.
 45747 | Shoals:2 | HP: 15/161 [drowned by a water nymph (9)]
 45751 | Shoals:2 | HP: 5/161 [drowned by a water nymph (13)]
 45758 | Shoals:2 | HP: 2/161 [water nymph/the raging water (16)]
 45767 | Shoals:2 | HP: 9/161 [water nymph/the raging water (4)]
 45768 | Shoals:2 | Shot with an arrow by a satyr

Vanquished Creatures
  Nikola (Lair:3)
  Jorgrun (Orc:1)
  Frances (Snake:1)
  Agnes (D:14)
  Kirke (Snake:1)
  Aizul (Snake:3)
  6 nagarajas
  Donald (Snake:1)
  An ironbound preserver (D:14)
  Snorg (D:14)
  An entropy weaver (D:13)
  A caustic shrike simulacrum (D:14)
  2 rakshasas (D:15)
  Harold (D:10)
  3 hydras (Lair:5)
  6 anacondas
  A salamander tyrant (Snake:4)
  An ogre mage (D:15)
  A catoblepas (Lair:5)
  A merfolk aquamancer (Lair:3)
  2 boulder beetles
  4 centaur warriors
  5 two-headed ogres
  18 naga warriors
  6 death yaks
  Urug (Orc:1)
  A satyr (Shoals:1)
  9 shock serpents
  6 naga sharpshooters
  3 occultists
  An orc high priest (Orc:1)
  5 skysharks
  5 sea snakes
  3 salamander mystics
  Lodul (D:14)
  An arcanist (D:15)
  7 naga ritualists
  13 mana vipers
  A lindwurm (Lair:5)
  A bog body (D:14)
  8 orc knights
  A necromancer (D:15)
  5 orc sorcerers
  An oklob plant (Lair:5)
  5 fauns
  21 salamanders
  2 manticores (Shoals:1)
  14 ugly things
  A cyclops (D:13)
  4 deep elf pyromancers
  42 black mambas
  3 meliai
  3 merfolk sirens (Shoals:1)
  9 elephants
  13 guardian serpents
  A centaur zombie (D:15)
  4 kobold blastminers (Orc:2)
  22 naga magi
  2 centaur skeletons (D:15)
  5 water nymphs (Shoals:1)
  4 ice statues
  2 gargoyles
  2 torpor snails (Lair:5)
  15 cane toads
  8 rime drakes
  A freezing wraith (IceCv)
  3 unseen horrors
  5 yaktaurs
  6 komodo dragons
  10 trolls
  The ghost of DeathSocks the Shooter, a novice DEHs (D:4)
  2 merfolk
  8 harpy zombies
  A wind drake (Shoals:1)
  6 polar bears
  A queen bee (Lair:2)
  Prince Ribbit (D:5)
  An alligator simulacrum (D:14)
  7 dream sheep
  9 blink frogs
  A snapping turtle (Shoals:1)
  Sigmund (D:6)
  2 shadows
  16 slime creatures
  4 wyverns
  23 yaks
  A ynoxinul (Abyss:2)
  7 water elementals
  4 wraiths
  A fire elemental (D:12)
  7 hogs (Snake:1)
  4 basilisks
  2 vampire mosquitoes (D:10)
  A death yak simulacrum (IceCv)
  A warg (Orc:2)
  A steam dragon (D:7)
  A minotaur simulacrum (D:14)
  49 nagas
  15 water moccasins
  An acid dragon (D:10)
  37 orc warriors
  An ice beast (D:6)
  A sky beast (D:6)
  2 black bears
  4 boggarts (Lair:5)
  15 ogres
  10 wolves
  An ettin simulacrum (D:14)
  18 centaurs
  Blork the orc (D:4)
  2 kobold brigands
  10 bullfrogs
  2 gnoll sergeants
  4 scorpions
  2 cane toad simulacra (IceCv)
  An entropy weaver simulacrum (D:14)
  A deep troll simulacrum (D:14)
  5 wights
  42 killer bees
  7 electric eels
  6 howler monkeys
  3 bombardier beetles
  3 lava snakes (Lair:3)
  6 crimson imps (Abyss:2)
  13 orc priests
  7 hounds
  A human zombie (D:7)
  Crazy Yiuf (D:3)
  A jelly (D:8)
  3 iguanas
  4 hell rats (Lair:1)
  A sleepcap (D:7)
  Natasha (thrice) (D:3)
  32 orc wizards
  A polar bear simulacrum (IceCv)
  10 gnolls
  11 adders
  2 shadow imps
  3 white imps
  4 dart slugs
  2 ribbon worms (D:4)
  56 orcs
  3 ball pythons
  6 bats
  10 endoplasms
  4 giant cockroaches
  7 goblins
  10 hobgoblins
  5 jackals
  21 kobolds
  6 quokkas
  A frilled lizard (D:1)
  A kobold skeleton (D:7)
  10 rats
950 creatures vanquished.

Vanquished Creatures (others)
  An angel (D:4)
  A faun (Shoals:1)
  A merfolk siren (Shoals:1)
  A naga (Snake:3)
4 creatures vanquished.

Grand Total: 954 creatures vanquished

Table legend: (Time is in decaauts)
 A = Elapsed time spent in this place.
 B = Non-inter-level travel time spent in this place.
 C = Inter-level travel time spent in this place.
 D = Time resting spent in this place.
 E = Time spent auto-exploring this place.
 F = Levels seen in this place.
 G = Mean time per level.
                   A        B        C        D        E       F      G
               +--------+--------+--------+--------+--------+-----+--------+
         Total |  45019 |  42407 |   2612 |  10595 |  22750 |  30 | 1500.6 |
       Dungeon |  24961 |  23466 |   1495 |   5674 |  13326 |  15 | 1664.1 |
          Lair |   8462 |   7691 |    771 |   1809 |   4467 |   5 | 1692.4 |
        Shoals |    885 |    860 |     25 |     64 |    616 |   2 |  442.5 |
     Snake Pit |   7417 |   7186 |    231 |   2040 |   3221 |   4 | 1854.2 |
  Orcish Mines |   2808 |   2720 |     88 |    747 |   1120 |   2 | 1404.0 |
         Abyss |    120 |    120 |      0 |      0 |      0 |   1 |  120.0 |
      Ice Cave |    363 |    363 |      0 |    260 |      0 |   1 |  363.0 |
               +--------+--------+--------+--------+--------+-----+--------+

Top non-repeatable levels by time:
  Lair:5: 2411 daAuts
  Lair:3: 2224 daAuts
    D:14: 2172 daAuts
 Snake:4: 2118 daAuts
     D:7: 2107 daAuts
     D:4: 2094 daAuts
    D:12: 2029 daAuts
 Snake:3: 1967 daAuts
     D:8: 1937 daAuts
     D:6: 1924 daAuts
     D:5: 1920 daAuts
 Snake:1: 1674 daAuts
    D:10: 1672 daAuts
 Snake:2: 1657 daAuts
     D:3: 1602 daAuts

Table legend:
 A = Non-vault XP
 B = Vault XP
 C = Vault XP percentage of total XP
 D = Non-vault monster count
 E = Vault monster count
 F = Vault count percentage of total count
                 A         B        C        D         E       F
            +---------+---------+-------+---------+---------+-------
      Total |  162394 |  105483 |  39.4 |     642 |     310 |  32.6
            +---------+---------+-------+---------+---------+-------
        D:1 |      68 |       4 |   5.6 |      37 |       1 |   2.6
        D:2 |      29 |       0 |   0.0 |      12 |       0 |   0.0
        D:3 |     140 |      77 |  35.5 |      20 |       2 |   9.1
        D:4 |     738 |     529 |  41.8 |      24 |       6 |  20.0
        D:5 |     949 |     283 |  23.0 |      16 |       1 |   5.9
        D:6 |    1099 |     485 |  30.6 |      20 |      10 |  33.3
        D:7 |    1437 |     253 |  15.0 |      22 |       3 |  12.0
        D:8 |    2528 |      57 |   2.2 |      30 |       1 |   3.2
        D:9 |    1843 |       0 |   0.0 |      19 |       0 |   0.0
       D:10 |    3671 |    1528 |  29.4 |      30 |       8 |  21.1
       D:11 |    3227 |     523 |  13.9 |      12 |       1 |   7.7
       D:12 |    2557 |    2323 |  47.6 |      15 |       4 |  21.1
       D:13 |    5519 |    2915 |  34.6 |      16 |       5 |  23.8
       D:14 |    8081 |   13027 |  61.7 |      23 |      28 |  54.9
       D:15 |    8256 |    5335 |  39.3 |      21 |       9 |  30.0
     Lair:1 |    6472 |       0 |   0.0 |      29 |       0 |   0.0
     Lair:2 |    5085 |    2174 |  29.9 |      13 |      30 |  69.8
     Lair:3 |    9276 |    8194 |  46.9 |      26 |      16 |  38.1
     Lair:4 |    5549 |     209 |   3.6 |      17 |       1 |   5.6
     Lair:5 |    8576 |   10876 |  55.9 |      25 |      28 |  52.8
   Shoals:1 |   10582 |       0 |   0.0 |      22 |       0 |   0.0
   Shoals:2 |       0 |    2125 | 100.0 |       0 |       7 | 100.0
    Snake:1 |   14530 |    8256 |  36.2 |      31 |      17 |  35.4
    Snake:2 |   21209 |     908 |   4.1 |      45 |       2 |   4.3
    Snake:3 |   23472 |    5071 |  17.8 |      46 |      10 |  17.9
    Snake:4 |   12210 |   23762 |  66.1 |      23 |      38 |  62.3
      Orc:1 |    1764 |    6445 |  78.5 |      29 |      25 |  46.3
      Orc:2 |    3319 |    7694 |  69.9 |      18 |      42 |  70.0
    Abyss:2 |     208 |     300 |  59.1 |       1 |       7 |  87.5
      IceCv |       0 |    2130 | 100.0 |       0 |       8 | 100.0
            +---------+---------+-------+---------+---------+-------
